 Dungeon Crawl Stone Soup version 0.31-a0-523-g071a6c1ffa (webtiles) character file.

Game seed: 1395673463664694397

5240 Newt the Mimic (level 10, -5/111 HPs)
             Began as a Grey Draconian Shapeshifter on Aug 11, 2023.
             Was a Follower of Hepliaklqana.
             Slain by a yak (12 damage)
             ... on level 8 of the Dungeon.
             The game lasted 00:09:58 (7515 turns).

Newt the Mimic (Grey Draconian Shapeshifter)        Turns: 7515, Time: 00:09:58

Health: -5/111     AC: 25    Str: 21    XL:     10   Next: 35%
Magic:  10/10      EV:  2    Int:  9    God:    Hepliaklqana [*.....]
Gold:   383        SH:  5    Dex: 12    Spells: 9/9 levels left

rFire   . . .        e - +0 dagger (venom)
rCold   . . .        (no shield)
rNeg    . . .        (body armour unavailable)
rPois   +            (helmet currently unavailable)
rElec   .            s - melded +1 cloak
rCorr   +            (gloves currently unavailable)
SInv    .            (boots currently unavailable)
Will    .....        x - amulet of reflection
Stlth   +            l - ring of flight
HPRegen 0.38/turn    f - ring of resist corrosion
MPRegen 0.12/turn

%: reflection
@: tree-form
A: stationary, stasis, torment immunity, boosted hp, reduced essence, AC +12,
(amphibious), unfitting armour, (cold-blooded)
a: Renounce Religion, Recall Ancestor, Ancestor Identity


You were on level 8 of the Dungeon.
You worshipped Hepliaklqana.
Hepliaklqana was aware of your devotion.
You were a tree.
You visited 2 branches of the dungeon, and saw 9 of its levels.

You collected 383 gold pieces.

Inventory:

Hand Weapons
 e - a +0 dagger of venom (weapon)
 u - the +5 quarterstaff of Efeff {flame, rF+ Will+ Int+5}
   (You found it on level 6 of the Dungeon)

   Int+5:     It affects your intelligence (+5).
   rF+:       It protects you from fire.
   Will+:     It increases your willpower.
Missiles
 w - a throwing net
Armour
 o - a +0 pair of gloves
 s - a +1 cloak (melded)
Jewellery
 f - a ring of resist corrosion (right branch)
 h - an amulet of guardian spirit
 l - a ring of flight (left branch)
 x - an amulet of reflection (around neck)
 C - an amulet of faith
Talismans
 b - a beast talisman
 c - a flux talisman
Wands
 m - a wand of roots (13)
 p - a wand of charming (17)
 v - a wand of digging (6)
 D - a wand of flame (16)
Scrolls
 d - a scroll of brand weapon
 g - 2 scrolls of revelation
 i - a scroll of blinking
 n - a scroll of immolation
 q - a scroll of teleportation
 y - 2 scrolls of poison
Potions
 a - a potion of magic
 j - 2 potions of curing
 k - 3 potions of attraction
 r - 2 potions of might
 t - 2 potions of brilliance
 z - a potion of haste
 A - a potion of invisibility {unknown}
 B - a potion of mutation {unknown}


   Skills:
 - Level 6.0 Fighting
 + Level 3.7 Dodging
 - Level 9.0 Unarmed Combat
 - Level 10.0 Shapeshifting


You had 9 spell levels left.
You didn't know any spells.
Your spell library contained the following spells:

 Spells                   Type           Power      Damage    Failure   Level
 Dazzling Flash           Conj/Hex       0%         N/A       77%         3
 Agony                    Necr           0%         N/A       100%        5
 Silence                  Hex/Air        0%         N/A       100%        5


Dungeon Overview and Level Annotations

Branches:
Dungeon (8/15)             Temple (1/1) D:4
   Lair: D:8-11

Altars:
Ashenzari
Dithmenos
Elyvilon
Fedhas
Gozag
Hepliaklqana
Kikubaaqudgha
Makhleb
Nemelex Xobeh
Okawaru
Ru
Sif Muna
Trog
Uskayaw
Vehumet
Wu Jian
Xom
Yredelemnul
Zin
The Shining One

Shops:
D:1 :   D:2 (


Innate Abilities, Weirdness & Mutations

You are a tree.
Your roots penetrate the ground, keeping you stationary.
You cannot be teleported.
You are immune to unholy pain and torment.
Your maximum health is greatly increased.
Your equipment is partially melded.
Your life essence is reduced to manifest your ancestor. (-10% HP)
((Your dull iron-grey scales are very hard. (AC +12)))
((You are amphibious.))
You cannot fit into any form of body armour.
((You are cold-blooded and may be slowed by cold attacks.))


Message History

The water moccasin is severely wounded.
You block the water moccasin's attack.
You miss the water moccasin.
The water moccasin is severely wounded.
The water moccasin bites you but does no damage. x2
You barely miss the water moccasin.
The water moccasin is severely wounded.
The water moccasin bites you but does no damage.
You closely miss the water moccasin.
The water moccasin is severely wounded.
You block the water moccasin's attack.
You hit the water moccasin.
The water moccasin is poisoned.
The water moccasin is almost dead.
The water moccasin bites you but does no damage.
The water moccasin bites you.
* * * LOW HITPOINT WARNING * * *
You barely miss the water moccasin.
The water moccasin is almost dead.
You barely miss the yak.
You kill the water moccasin!
A yak comes into view.
You closely miss the yak. The yak gores you but does no damage.
You hit the yak but do no damage.
The yak is poisoned.
The yak gores you!
* * * LOW HITPOINT WARNING * * *
You hit the yak.
The yak looks as sick as possible!
The yak is lightly wounded.
The yak barely misses you.
You barely miss the yak.
The yak is lightly wounded.
The yak gores you!
* * * LOW HITPOINT WARNING * * *
The yak snorts and paws the ground.
You hit the yak but do no damage.
The yak looks as sick as possible!
The yak is lightly wounded.
The yak gores you!
* * * LOW HITPOINT WARNING * * *
You hit the yak but do no damage.
The yak looks as sick as possible!
The yak is moderately wounded.
The yak gores you!
You die...

#.......#
#.......#
#.......#
#.......#
#######.# #.#
... #.# .#..
#.# #..♣ #♣#
... #Y# ..P P
#l## #.♣ ..P
#YY#####.♣....P
##.....Yl.♣
#######YY...P.
.....P. .P.P...
#...P..


You could see 3 yaks and a basilisk.

Vanquished Creatures
  A wyvern (D:8)
  A yak (D:8)
  Eustachio (D:7)
  Grum (D:8)
  3 steam dragons
  4 water moccasins
  3 ice beasts
  2 sky beasts (D:8)
  3 orc warriors
  An ogre (D:7)
  5 black bears
  2 wolves (D:8)
  A centaur (D:5)
  2 phantoms
  Blork the orc (D:4)
  2 kobold brigands
  A gnoll sergeant (D:7)
  2 bullfrogs
  3 scorpions
  10 wights
  3 hounds
  3 jellies
  2 gnoll boudas (D:7)
  2 orc priests
  Crazy Yiuf (D:4)
  A sleepcap (D:5)
  An iguana (D:6)
  5 orc wizards
  7 gnolls (D:7)
  6 adders
  3 shadow imps
  A white imp (D:8)
  2 ufetubi (D:6)
  4 dart slugs
  11 orcs
  8 bats
  12 endoplasms
  6 giant cockroaches
  10 hobgoblins
  8 jackals
  4 quokkas
  4 ball pythons
  3 frilled lizards
  7 goblins
  7 kobolds
  4 rats
174 creatures vanquished.

Vanquished Creatures (collateral kills)
  A black bear (D:7)
  2 wolves (D:8)
  An orc priest (D:6)
  2 orc wizards (D:7)
  3 orcs
9 creatures vanquished.

Vanquished Creatures (others)
  An orc wizard (D:7)
  2 ancestors (D:8)
3 creatures vanquished.

Grand Total: 186 creatures vanquished

Notes
Turn   | Place    | Note
-------+----------+-------------------------------------------
     0 | D:1      | Newt the Draconian Shapeshifter began the quest for the
                  | Orb.
     0 | D:1      | Reached XP level 1. HP: 16/16 MP: 1/1
    72 | D:1      | Reached XP level 2. HP: 22/25 MP: 2/2
   274 | D:1      | Reached XP level 3. HP: 28/31 MP: 3/3
   335 | D:1      | Found Ushuibir's Book Boutique.
   667 | D:2      | Found a faded altar of an unknown god.
  1182 | D:2      | Found Era Doudoi's Weapon Shop.
  1184 | D:2      | Noticed a scorpion
  1195 | D:2      | Killed a scorpion
  1196 | D:2      | Reached skill level 4 in Shapeshifting
  1196 | D:2      | Reached XP level 4. HP: 9/38 MP: 2/4
  2069 | D:3      | Reached XP level 5. HP: 45/45 MP: 5/5
  2383 | D:3      | Found an ornate altar of the Wu Jian Council.
  2586 | D:4      | Noticed Blork the orc
  2611 | D:4      | Killed Blork the orc
  2612 | D:4      | Reached skill level 5 in Shapeshifting
  2912 | D:4      | Reached XP level 6. HP: 49/51 MP: 4/6
  2989 | D:4      | Found a staircase to the Ecumenical Temple.
  3012 | Temple   | Entered the Ecumenical Temple
  3018 | Temple   | Became a worshipper of Hepliaklqana the Forgotten
  3212 | D:4      | Noticed an ice beast
  3229 | D:4      | Killed an ice beast
  3230 | D:4      | Reached skill level 6 in Shapeshifting
  3343 | D:4      | Your scales start taking on a dull iron-grey colour.
  3343 | D:4      | Reached XP level 7. HP: 54/57 MP: 7/7
  3400 | D:4      | Found an iron altar of Okawaru.
  3549 | D:4      | Found a runed translucent door.
  3550 | D:4      | Noticed Crazy Yiuf
  3655 | D:4      | Killed Crazy Yiuf
  3724 | D:5      | Entered Level 5 of the Dungeon
  3756 | D:5      | Reached skill level 7 in Shapeshifting
  3862 | D:5      | Reached skill level 8 in Shapeshifting
  3869 | D:5      | Reached XP level 8. HP: 54/63 MP: 8/8
  4311 | D:6      | Reached skill level 9 in Shapeshifting
  4418 | D:6      | Identified the +5 quarterstaff of Efeff {flame, rF+ Will+
                  | Int+5}
  4535 | D:6      | Reached * piety under Hepliaklqana
  4582 | D:6      | Reached skill level 10 in Shapeshifting
  4748 | D:6      | Reached XP level 9. HP: 57/63 MP: 7/9
  5458 | D:6      | Found an opulent altar of Gozag.
  5571 | D:6      | Reached skill level 5 in Fighting
  5926 | D:7      | Noticed Eustachio
  5952 | D:7      | Killed Eustachio
  5953 | D:7      | Reached skill level 5 in Unarmed Combat
  6262 | D:7      | Found a shimmering blue altar of Sif Muna.
  6263 | D:7      | Found a basalt altar of Yredelemnul.
  7094 | D:8      | Noticed Grum
  7104 | D:8      | Killed Grum
  7105 | D:8      | Reached XP level 10. HP: 68/74 MP: 10/10
  7158 | D:8      | Found an ancient bone altar of Kikubaaqudgha.
  7515 | D:8      | Slain by a yak

Illustrated notes

Levels and vault maps discovered:
D:1:      lightli_arrival_chessboard, layout_rooms, serial_shops, shop,
          amethyst_killhole
D:2:      layout_basic, dreamdust_ecumenical_altar_grove, serial_shops,
          nicolae_shop_scrapyard, minmay_small_reverse_x
D:3:      layout_loops_corners, nzn_wu_jian_council_hall
D:4:      layout_loops_ring, old_standard_altar,
          minmay_temple_entry_proselytizer, uniq_blork_the_orc,
          uniq_crazy_yiuf_cottage
D:5:      layout_cave_pools
D:6:      layout_loops_corners, lemuel_tele_altar
D:7:      layout_rooms, mainiacjoe_overflow_divided_tiny, sword_in_stone
D:8:      layout_basic, lemuel_doored_altar, minmay_lair_entry_grove,
          minmay_misc_feat_room, grunt_ministairs_12, grunt_decor_clamped,
          uniq_grum
Temple:   nicolae_temple_bog_church

Skill      XL: |  1  2  3  4  5  6  7  8  9 10 |
---------------+-------------------------------+-----
Fighting       | 2 3 4 6 |  6.0
Shapeshifting  | 4 5 6 8 10 | 10.0
Unarmed Combat | 8 9 |  9.0
Dodging        | 3 |  3.7

Action                     |  1- 3 |  4- 6 |  7- 9 | 10-12 || total
---------------------------+-------+-------+-------+-------++-------
  Melee: Unarmed           |    34 |    19 |   350 |    65 ||   468
         Tailslap          |    13 |    18 |    69 |     8 ||   108
         Punch             |     1 |     5 |       |       ||     6
         Dagger            |    69 |   137 |       |    20 ||   226
    Use: Potion            |       |     7 |       |     1 ||     8
         Scroll            |       |     6 |     6 |     1 ||    13
   Stab: Sleeping          |     1 |     1 |       |       ||     2
         Distracted        |       |       |     1 |       ||     1
 Armour: Skin              |    35 |    46 |   192 |    36 ||   309
  Dodge: Dodged            |    69 |    87 |   249 |    35 ||   440
  Block: Other             |       |       |    10 |    15 ||    25
   Form: Flux              |       |     1 |       |       ||     1

Table legend: (Time is in decaauts)
 A = Elapsed time spent in this place.
 B = Non-inter-level travel time spent in this place.
 C = Inter-level travel time spent in this place.
 D = Time resting spent in this place.
 E = Time spent auto-exploring this place.
 F = Levels seen in this place.
 G = Mean time per level.
                   A        B        C        D        E       F      G
               +--------+--------+--------+--------+--------+-----+--------+
         Total |   7444 |   7273 |    171 |   1089 |   4943 |   9 |  827.1 |
       Dungeon |   7431 |   7271 |    160 |   1089 |   4943 |   8 |  928.9 |
        Temple |     12 |      1 |     11 |      0 |      0 |   1 |   12.0 |
               +--------+--------+--------+--------+--------+-----+--------+

Top non-repeatable levels by time:
     D:6: 1618 daAuts
     D:4: 1135 daAuts
     D:2: 1031 daAuts
     D:7: 951 daAuts
     D:3: 890 daAuts
     D:8: 655 daAuts
     D:1: 617 daAuts
     D:5: 531 daAuts
  Temple: 12 daAuts
